 Dungeon Crawl Stone Soup version 0.29.1-2-gbd0b4ee654 (webtiles) character file.

Game seed: 16449207466277692886

39 xian the Vexing (level 3, -1/20 HPs)
             Began as a Deep Elf Arcane Marksman on Oct 27, 2022.
             Was a Follower of Makhleb.
             Slain by a scorpion zombie (3 damage)
             ... on level 3 of the Dungeon.
             The game lasted 00:02:56 (1759 turns).

xian the Vexing (Deep Elf Arcane Marksman)          Turns: 1759, Time: 00:02:56

Health: -1/20      AC: 10    Str:  7    XL:     3   Next: 28%
Magic:  8/8        EV: -1    Int: 19    God:    Makhleb [*.....]
Gold:   120        SH:  0    Dex: 15    Spells: 5/6 levels left

rFire   . . .      SeeInvis .   a - +1 sling
rCold   . . .      Faith    .   (no shield)
rNeg    . . .      Spirit   .   i - +0 plate armour
rPois   .          Reflect  .   (no helmet)
rElec   .          Harm     .   (no cloak)
rCorr   .          Rampage  .   (no gloves)
Will    .....                   (no boots)
Stlth   ..........              (no amulet)
HPRegen 0.06/turn               (no ring)
MPRegen 0.11/turn               (no ring)

@: no status effects
A: no striking features
a: Renounce Religion


You were on level 3 of the Dungeon.
You worshipped Makhleb.
Makhleb was aware of your devotion.
You visited 1 branch of the dungeon, and saw 3 of its levels.

You collected 120 gold pieces.

Inventory:

Hand Weapons
 a - a +1 sling (weapon)
 d - a +0 dagger
Armour
 c - a +0 robe
 i - a +0 plate armour (worn)
Scrolls
 b - a scroll of poison
 f - a scroll of identify {unknown}
 j - 2 scrolls of amnesia {unknown}
Potions
 e - a potion of mutation {unknown}
 g - a potion of heal wounds {unknown}
 h - 2 potions of curing {unknown}


   Skills:
 + Level 0.8 Fighting
 + Level 3.9 Ranged Weapons
 + Level 2.9 Dodging
 + Level 2.0 Spellcasting
 + Level 4.5 Hexes


You had 5 spell levels left.
You knew the following spells:

 Your Spells              Type           Power      Damage    Failure   Level
a - Slow                  Hex            76%        N/A       100%        1

Your spell library contained the following spells:

 Spells                   Type           Power      Damage    Failure   Level
 Inner Flame              Hex/Fire       10%        N/A       100%        3
 Portal Projectile        Hex/Tloc       20%        N/A       100%        3
 Cause Fear               Hex            9%         N/A       100%        4


Dungeon Overview and Level Annotations

Branches:
Dungeon (3/15)

Altars:
Makhleb

Shops:
D:1 [


Message History

You are too injured to fight recklessly!
You are too injured to fight recklessly!
You are too injured to fight recklessly!
Unknown command.
Fire: a) +1 sling
Press: ? - help, Q - select action, (/) - cycle Shift-Dir - straight line, f/p - scorpion zombie
Aim: a scorpion zombie (moderately damaged, 77% to hit)
You shoot a sling bullet.
The sling bullet hits the scorpion zombie.
The scorpion zombie is heavily damaged.
The scorpion zombie hits you but does no damage.
The scorpion zombie hits you.
Fire: a) +1 sling
Press: ? - help, Q - select action, (/) - cycle Shift-Dir - straight line, f/p - scorpion zombie
Aim: a scorpion zombie (heavily damaged, 77% to hit)
You shoot a sling bullet.
The sling bullet hits the scorpion zombie!
The scorpion zombie is severely damaged.
The scorpion zombie hits you but does no damage.
The scorpion zombie hits you.
* * * LOW HITPOINT WARNING * * *
The scorpion zombie hits you but does no damage.
Fire: a) +1 sling
Press: ? - help, Q - select action, (/) - cycle Shift-Dir - straight line, f/p - scorpion zombie
Aim: a scorpion zombie (severely damaged, 77% to hit)
You shoot a sling bullet.
The sling bullet hits the scorpion zombie.
The scorpion zombie is severely damaged.
The scorpion zombie hits you but does no damage. x2
Fire: a) +1 sling
Press: ? - help, Q - select action, (/) - cycle Shift-Dir - straight line, f/p - scorpion zombie
Aim: a scorpion zombie (severely damaged, 77% to hit)
You shoot a sling bullet.
The sling bullet hits the scorpion zombie.
The scorpion zombie is almost destroyed.
The scorpion zombie hits you but does no damage.
The scorpion zombie hits you.
* * * LOW HITPOINT WARNING * * *
The scorpion zombie hits you.
You die...

......#
..#
.....##..#
.........#
.........
.......
#....#
#Z...#.##
#@.).<...
####.#.##


You could see a scorpion zombie.

Vanquished Creatures
  An adder (D:2)
  2 endoplasms (D:2)
  2 giant cockroaches (D:1)
  6 goblins
  3 hobgoblins
  3 kobolds
  5 ball pythons
  A ball python zombie (D:3)
  2 bats (D:2)
  2 frilled lizards (D:1)
  3 rats
30 creatures vanquished.

Vanquished Creatures (others)
  A withered plant (D:3)
1 creature vanquished.

Grand Total: 31 creatures vanquished

Notes
Turn   | Place    | Note
-------+----------+-------------------------------------------
     0 | D:1      | xian the Deep Elf Arcane Marksman began the quest for the
                  | Orb.
     0 | D:1      | Reached XP level 1. HP: 11/11 MP: 5/5
   270 | D:1      | Reached XP level 2. HP: 5/16 MP: 6/6
   646 | D:1      | Found Onigg's Armour Shoppe.
  1088 | D:2      | Reached XP level 3. HP: 20/20 MP: 8/8
  1119 | D:2      | Found a faded altar of an unknown god.
  1459 | D:2      | Prayed at the altar of an unknown god.
  1459 | D:2      | Became a worshipper of Makhleb the Destroyer
  1459 | D:2      | Reached * piety under Makhleb
  1759 | D:3      | Slain by a scorpion zombie

Illustrated notes

Levels and vault maps discovered:
D:1:      minmay_arrival_shattered_statue, layout_rooms, serial_shops, shop
D:2:      layout_basic, hellmonk_ecumenical_altar_slurped_away
D:3:      layout_basic, serial_undead, serial_undead_e, serial_undead_c,
          serial_undead_c, serial_undead_a, serial_shops,
          nicolae_shop_window_shopping, minmay_quantized

Skill      XL: |  1  2 |
---------------+-------+-----
Ranged Weapons | 3 |  3.9
Spellcasting   | 2 |  2.0
Fighting       | |  0.8
Dodging        | |  2.9
Hexes          | |  4.5

Action                   || total
-------------------------++-------
 Fire: Sling             ||   102
 Cast: Slow              ||     5
Armor: Chain mail        ||    32
       Robe              ||     2
       Plate armour      ||    59
Dodge: Dodged            ||    20
